 Dungeon Crawl Stone Soup version 0.29-a0-370-gb5314be063 (webtiles) character file.

Game seed: 2957780131376854625

25539 Colgate the Warrior (level 13, -6/93 HPs)
             Began as a Kobold Brigand on May 2, 2022.
             Was a High Priest of Nemelex Xobeh.
             Mangled by a minotaur
             ... wielding the +7 short sword "Dochof" {freeze, rF++ Str-4 Int+7}
              (19 damage)
             ... in a Gauntlet.
             The game lasted 01:18:47 (19169 turns).

Colgate the Warrior (Kobold Brigand)               Turns: 19169, Time: 01:18:47

Health: -6/93      AC: 23    Str: 13    XL:     13   Next: 51%
Magic:  19/19      EV: 11    Int: 12    God:    Nemelex Xobeh [*****.]
Gold:   421        SH:  0    Dex: 21    Spells: 12/12 levels left

rFire   + . .      SeeInvis .   b - +11 short sword of the Wasteland {venom, rCorr Str+4}
rCold   + . .      Faith    +   (no shield)
rNeg    . . .      Spirit   .   J - +0 plate armour "Jithipp" {Slay+4}
rPois   .          Reflect  .   s - +1 helmet
rElec   .          Harm     .   D - scarf {rC+ rF+}
rCorr   +          Rampage  +   I - +0 pair of gloves "Hopriciq" {+Blink Regen+ Slay+2}
Will    .....      NoTele   +   T - +2 pair of boots {rampage}
Stlth   +.........              S - amulet of faith
HPRegen 1.05/turn               i - +4 ring of protection
MPRegen 0.16/turn               G - +4 ring of evasion

@: no status effects
A: small, no large weapons, nightstalker 3
a: Renounce Religion, Evoke Blink, Draw Escape, Draw Destruction, Draw
Summoning, Draw Stack, Triple Draw, Deal Four, Stack Five


You were in a Gauntlet.
You worshipped Nemelex Xobeh.
Nemelex Xobeh was extremely pleased with you.
You visited 3 branches of the dungeon, and saw 14 of its levels.
You also visited: Bailey and Gauntlet.

You collected 849 gold pieces.
You spent 428 gold pieces at shops.

Inventory:

Hand Weapons
 a - a +2 dagger of chaos
 b - the +11 short sword of the Wasteland (weapon) {venom, rCorr Str+4}
   (You found it on level 3 of the Dungeon)

   It poisons the flesh of those it strikes.
   Str:       It affects your strength (+4).
   rCorr:     It protects you from acid and corrosion.
Missiles
 c - a throwing net {!f}
 d - 35 poisoned darts (quivered)
 e - 5 curare-tipped darts
 M - 4 atropa-tipped darts
Armour
 k - the +4 swamp dragon scales of Decompression {rPois rC++ Str+4 Dex-4}
   (You found it in a Gauntlet)

   Str:       It affects your strength (+4).
   Dex:       It affects your dexterity (-4).
   rC:        It greatly protects you from cold.
   rPois:     It protects you from poison.
 s - a +1 helmet (worn)
 x - the +0 pair of gloves "Lung" {rElec}
   (You found it on level 10 of the Dungeon)

   rElec:     It insulates you from electricity.
 D - a scarf of resistance (worn)
 I - the +0 pair of gloves "Hopriciq" (worn) {+Blink Regen+ Slay+2}
   (You found it in a Gauntlet)

   Slay:      It affects your accuracy & damage with ranged weapons and melee
   (+2).
   +Blink:    It lets you blink.
   Regen:     It increases your rate of health regeneration.
 J - the +0 plate armour "Jithipp" (worn) {Slay+4}
   (You found it on level 5 of the Dungeon)

   Slay:      It affects your accuracy & damage with ranged weapons and melee
   (+4).
 Q - a +3 ring mail of cold resistance
 T - a +2 pair of boots of rampaging (worn)
Jewellery
 i - a +4 ring of protection (left hand)
 m - a ring of fire
 w - a ring of resist corrosion
 G - a +4 ring of evasion (right hand)
 K - a ring of poison resistance
 S - an amulet of faith (around neck)
 U - a ring of see invisible
Wands
 j - a wand of mindburst (9)
 v - a wand of charming (20)
 C - a wand of iceblast (25) {@v2}
 F - a wand of acid (8) {@v1}
 L - a wand of digging (3) {@v3}
 P - a wand of flame (22)
Scrolls
 h - 6 scrolls of teleportation {@r3}
 o - a scroll of immolation
 p - a scroll of enchant weapon {unknown}
 t - 4 scrolls of vulnerability
 u - 3 scrolls of magic mapping {@r5}
 y - a scroll of summoning {unknown}
 E - a scroll of blinking {@r4}
 O - a scroll of silence {unknown}
 V - a scroll of holy word
 X - 2 scrolls of torment
 Z - a scroll of amnesia
Potions
 f - 3 potions of mutation
 g - 4 potions of attraction
 l - a potion of might {@q3}
 n - 2 potions of heal wounds {@q2}
 q - 2 potions of lignification
 z - 2 potions of flight
 A - a potion of berserk rage {unknown}
 B - 9 potions of curing {@q1}
 H - a potion of ambrosia {unknown}
 N - 2 potions of invisibility
 R - 3 potions of resistance {@q5}
 W - 3 potions of cancellation
 Y - 2 potions of haste {@q4}
Miscellaneous
 r - a phantom mirror


   Skills:
 - Level 16.0 Fighting
 - Level 13.0 Short Blades
 - Level 2.1 Throwing
 + Level 6.7 Armour
 - Level 3.0 Dodging
 - Level 9.0 Stealth
 - Level 8.5 Invocations
 - Level 5.0 Evocations


You had 12 spell levels left.
You didn't know any spells.
Your spell library contained the following spells:

 Spells                   Type           Power      Damage    Failure   Level
 Pain                     Necr           0%         1d4       100%        1
 Scorch                   Fire           0%         2d5       100%        2
 Static Discharge         Conj/Air       0%         N/A       100%        2
 Sublimation of Blood     Necr           0%         N/A       100%        2
 Wereblood                Tmut           0%         N/A       100%        2
 Conjure Flame            Conj/Fire      0%         6-21      100%        3
 Frozen Ramparts          Ice            0%         1d2       100%        3
 Ignite Poison            Fire/Tmut/Pois 0%         N/A       100%        3
 Mephitic Cloud           Conj/Pois/Air  0%         N/A       100%        3
 Tukima's Dance           Hex            0%         N/A       100%        3
 Airstrike                Air            0%         N/A       100%        4
 Dispel Undead            Necr           0%         3d6       100%        4
 Flame Wave               Conj/Fire      0%         2d4       100%        4
 Ice Form                 Ice/Tmut       0%         N/A       100%        4
 Passage of Golubria      Tloc           0%         N/A       100%        4
 Sticky Flame             Conj/Fire      0%         2d3       100%        4
 Summon Ice Beast         Ice/Summ       0%         N/A       100%        4
 Summon Lightning Spire   Summ/Air       0%         N/A       100%        4
 Agony                    Necr           0%         N/A       100%        5
 Alistair's Intoxication  Tmut/Pois      0%         N/A       100%        5
 Borgnjor's Vile Clutch   Necr/Erth      0%         N/A       100%        5
 Excruciating Wounds      Necr           0%         N/A       100%        5
 Freezing Cloud           Conj/Ice/Air   0%         6-21      100%        5
 Lightning Bolt           Conj/Air       0%         1d11      100%        5
 Yara's Violent Unravell  Hex/Tmut       0%         3d3       100%        5
 Eringya's Noxious Bog    Tmut/Pois      0%         N/A       100%        6
 Summon Cactus Giant      Summ           0%         N/A       100%        6
 Storm Form               Tmut/Air       0%         N/A       100%        7
 Summon Hydra             Summ           0%         N/A       100%        7
 Maxwell's Capacitive Co  Air            0%         ∞         100%        8


Dungeon Overview and Level Annotations

Branches:
Dungeon (12/15)            Temple (1/1) D:6            Lair (1/6) D:11
    Orc (0/2) D:11         Bailey (visited)         Gauntlet (1/1)

Altars:
Ashenzari
Cheibriados
Dithmenos
Elyvilon
Fedhas
Gozag
Hepliaklqana
Kikubaaqudgha
Makhleb
Nemelex Xobeh
Okawaru
Qazlal
Ru
Sif Muna
Trog
Uskayaw
Vehumet
Wu Jian
Xom
Yredelemnul
Zin
The Shining One

Shops:
D:3 *   D:5 (   D:10 !   D:11 **

Portals:
Trove: D:10 (give 15 scrolls of teleportation)

Annotations:
Gauntlet 6 transporters, 1 runed translucent door


Innate Abilities, Weirdness & Mutations

You are small and have problems with some larger weapons.
You are completely attuned to the shadows.


Message History

The minotaur zombie resists.
The minotaur blocks your attack. The minotaur closely misses you.
The minotaur gores you but does no damage.
You hit the minotaur but do no damage.
The minotaur looks as sick as possible!
The minotaur zombie barely misses your ice devil.
The minotaur zombie gores your ice devil!
Your ice devil hits the minotaur zombie!
Your ice devil freezes the minotaur zombie.
The minotaur zombie resists.
The minotaur blocks your attack.
The minotaur hits you with the +7 short sword "Dochof" {freeze, rF++ Str-4 Int+7}!!
The minotaur freezes you. The minotaur misses you.
You hit the minotaur.
Your ice devil hits the minotaur zombie.
Your ice devil freezes the minotaur zombie.
The minotaur zombie resists.
You hit the minotaur.
The minotaur looks as sick as possible!
The minotaur zombie hits your ice devil but does no damage.
The minotaur zombie gores your ice devil.
Your ice devil dies!
Your ice devil disappears in a puff of smoke!
The minotaur closely misses you.
The minotaur gores you but does no damage.
The minotaur blocks your attack.
You hit the minotaur.
The minotaur hits you with the +7 short sword "Dochof" {freeze, rF++ Str-4 Int+7}!
* * * LOW HITPOINT WARNING * * *
The minotaur freezes you.
* * * LOW HITPOINT WARNING * * *
The minotaur gores you but does no damage.
You draw a card...
You have drawn the Orb.
Aim: a minotaur, wielding the +7 short sword "Dochof" {freeze, rF++ Str-4 Int+7}, wearing a +3 plate armour of cold resistance, wearing a +2 kite shield and quivering silver javelins (heavily wounded, extremely poisoned)
Your orb of destruction hits a rock wall.
The wavering orb of destruction weakly hits the minotaur!
Your orb of destruction hits a rock wall.
Your orb of destruction hits a metal wall. x2
The minotaur hits you with the +7 short sword "Dochof" {freeze, rF++ Str-4 Int+7}!!
You die...
Your body glows with a rainbow of weird colours and disappears.

'⌠...# ...⌠+ ∩..
#Z# #######H#######
#.....*@☼*....#
#.###.###.###.#
#.............#
###.###.###.###
#####.###.###.#####
#.................#
#.8.8.8.©.©.8.8.8.#
#.................#
##
###################
##


You could see a minotaur (extremely poisoned, ally target) and a minotaur
zombie.

Vanquished Creatures
  A boulder beetle (D:10)
  A centaur warrior (D:10)
  3 two-headed ogres
  The ghost of Essalna the Thaumaturge, a novice DECj (D:8)
  4 sixfirhies (Gauntlet)
  A wizard (D:10)
  3 manticores
  A necromancer (Gauntlet)
  A wolf spider (D:12)
  An ugly thing (D:11)
  3 cyclopes
  Maurice (D:9)
  An unseen horror (D:10)
  Psyche (D:8)
  The ghost of hansi the Covered, a novice GrBe of Trog (D:4)
  A komodo dragon (D:11)
  4 trolls
  Prince Ribbit (D:7)
  A hornet (D:8)
  3 slime creatures (D:11)
  Sigmund (D:3)
  2 shadows
  2 vampires
  A ynoxinul (Gauntlet)
  A wraith (D:11)
  21 yaks
  A basilisk (D:11)
  A wyvern (D:9)
  5 acid dragons
  4 water moccasins
  4 orc warriors
  2 ice beasts
  2 sky beasts
  3 ogres
  4 wolves (Gauntlet)
  4 centaurs
  3 phantoms
  Blork the orc (D:6)
  A kobold brigand (D:6)
  2 necrophages
  2 gnoll sergeants
  9 bullfrogs
  4 earth elementals
  4 scorpions
  15 killer bees
  3 vampire bats (Bailey)
  2 howler monkeys
  6 wolf zombies (Bailey)
  3 jellies
  A centaur zombie (D:8)
  2 orc priests
  7 hounds
  A gnoll shaman (D:9)
  4 iron imps (Gauntlet)
  Jessica (D:3)
  4 iguanas
  7 orc wizards
  A killer bee zombie (D:8)
  Robin (D:2)
  14 gnolls
  15 adders
  2 shadow imps
  A white imp (D:7)
  An ufetubus (D:5)
  5 worms
  3 dart slugs
  24 orcs
  7 bats
  9 endoplasms
  A giant cockroach (D:1)
  23 goblins
  7 hobgoblins
  7 quokkas
  6 ball pythons
  4 frilled lizards (D:1)
  13 kobolds
  13 orc zombies (Bailey)
  8 rats
339 creatures vanquished.

Vanquished Creatures (collateral kills)
  A hydra (D:12)
  A centaur warrior (D:12)
  A gargoyle (Bailey)
  A kobold brigand (D:4)
  4 vampire bats (Bailey)
  An orc wizard (D:12)
  2 gnolls (D:9)
  6 kobolds (D:4)
  A ball lightning (Bailey)
18 creatures vanquished.

Vanquished Creatures (others)
  A vampire (Bailey)
  A goblin (D:8)
  19 fungi
  14 plants (D:11)
  2 withered plants (D:8)
37 creatures vanquished.

Grand Total: 394 creatures vanquished

Notes
Turn   | Place    | Note
-------+----------+-------------------------------------------
     0 | D:1      | Colgate the Kobold Brigand began the quest for the Orb.
     0 | D:1      | Reached XP level 1. HP: 12/12 MP: 1/1
   155 | D:1      | Reached XP level 2. HP: 17/17 MP: 2/2
   631 | D:1      | Reached XP level 3. HP: 21/21 MP: 3/3
   741 | D:1      | Found a faded altar of an unknown god.
   747 | D:1      | Prayed at the altar of an unknown god.
   747 | D:1      | Became a worshipper of Nemelex Xobeh the Trickster
   747 | D:1      | Reached * piety under Nemelex Xobeh
   747 | D:1      | Received a gift from Nemelex Xobeh
   894 | D:1      | You fall into a shaft and drop 1 floor!
   925 | D:2      | Reached XP level 4. HP: 16/26 MP: 2/4
  1168 | D:2      | Received a gift from Nemelex Xobeh
  1236 | D:2      | Reached skill level 5 in Short Blades
  1747 | D:2      | Reached XP level 5. HP: 30/30 MP: 5/5
  1756 | D:2      | Noticed Robin
  1935 | D:1      | Reached ** piety under Nemelex Xobeh
  2591 | D:2      | Killed Robin
  2654 | D:2      | Found a sacrificial altar of Ru.
  2932 | D:3      | Identified the +11 short sword of the Wasteland {venom,
                  | rCorr Str+4}
  3013 | D:3      | Noticed Jessica
  3015 | D:3      | Killed Jessica
  3016 | D:3      | Reached XP level 6. HP: 35/35 MP: 6/6
  3202 | D:3      | Noticed Sigmund
  3205 | D:3      | Killed Sigmund
  3330 | D:3      | Found Vestoco's Assorted Antiques.
  3335 | D:3      | Bought a worn brass wand for 116 gold pieces
  3335 | D:3      | Bought a dark potion for 26 gold pieces
  3362 | D:3      | Reached XP level 7. HP: 40/40 MP: 7/7
  3539 | D:4      | Found a bloodstained altar of Trog.
  3882 | D:4      | Found a runed translucent gate.
  3883 | D:4      | Found a runed translucent gate.
  3883 | D:4      | Found a runed translucent gate.
  3885 | D:4      | Noticed hansi's ghost (novice GrBe)
  4040 | D:4      | Found a shadowy altar of Dithmenos.
  4174 | D:4      | Reached skill level 3 in Fighting
  4254 | D:4      | Found a broken altar of Ashenzari.
  4288 | D:5      | Entered Level 5 of the Dungeon
  4619 | D:5      | Found Nyiva's Weapon Shop.
  4642 | D:5      | Reached skill level 4 in Fighting
  4699 | D:5      | Reached *** piety under Nemelex Xobeh
  4733 | D:5      | Reached skill level 1 in Evocations
  4740 | D:5      | Identified the +0 plate armour "Jithipp" {Slay+4}
  4917 | D:5      | Reached skill level 1 in Armour
  4917 | D:5      | Reached XP level 8. HP: 45/48 MP: 8/8
  5064 | D:3      | Bought a shiny pearl ring for 145 gold pieces
  5499 | D:5      | Reached skill level 1 in Invocations
  5723 | D:5      | Found a hazy altar of Hepliaklqana.
  6073 | D:5      | Found a glowing golden altar of the Shining One.
  6074 | D:5      | Found a shimmering blue altar of Sif Muna.
  6095 | D:5      | Found a sparkling altar of Nemelex Xobeh.
  6302 | D:6      | Reached XP level 9. HP: 52/52 MP: 12/12
  6506 | D:6      | Found a hide-covered altar of Uskayaw.
  6506 | D:6      | Noticed a +0 dagger
  6506 | D:6      | Noticed a +0 hand axe
  6647 | D:6      | Reached skill level 5 in Fighting
  6784 | D:6      | Reached skill level 6 in Fighting
  6851 | D:6      | Found a staircase to the Ecumenical Temple.
  6857 | Temple   | Entered the Ecumenical Temple
  7037 | D:6      | Received a gift from Nemelex Xobeh
  7136 | D:6      | Noticed Blork the orc
  7143 | D:6      | Killed Blork the orc
  7144 | D:6      | Reached skill level 7 in Fighting
  7671 | D:7      | Reached **** piety under Nemelex Xobeh
  7711 | D:7      | Received a gift from Nemelex Xobeh
  7742 | D:7      | Reached skill level 8 in Fighting
  7893 | D:7      | Reached skill level 5 in Invocations
  7909 | D:7      | Received a gift from Nemelex Xobeh
  8484 | D:7      | Found a burning altar of Makhleb.
  8615 | D:7      | Reached XP level 10. HP: 63/64 MP: 13/15
  8632 | D:7      | Received a gift from Nemelex Xobeh
  9038 | D:8      | Noticed a two-headed ogre
  9040 | D:8      | Identified the +1 robe of Beicunk {Int+8}
  9043 | D:8      | Noticed Prince Ribbit
  9046 | D:7      | Killed a two-headed ogre
  9177 | D:7      | Killed Prince Ribbit
  9311 | D:8      | Noticed Psyche
  9334 | D:8      | Killed Psyche
  9356 | D:8      | Found a flagged portal.
  9364 | Bailey   | Entered a bailey
  9572 | Bailey   | Noticed a gargoyle
  9578 | Bailey   | Killed a gargoyle
 10208 | Bailey   | Identified the +4 robe "Ymmasselygg" {rElec rPois rF-}
 10291 | D:8      | Reached skill level 10 in Short Blades
 10299 | D:8      | Reached XP level 11. HP: 65/69 MP: 15/17
 10474 | D:8      | Received a gift from Nemelex Xobeh
 10477 | D:8      | Reached skill level 9 in Fighting
 10828 | D:8      | Received a gift from Nemelex Xobeh
 10870 | D:8      | Found a basalt altar of Yredelemnul.
 10925 | D:8      | Found a runed translucent door.
 10928 | D:8      | Noticed Essalna's ghost (novice DECj)
 10976 | D:8      | Reached ***** piety under Nemelex Xobeh
 11097 | D:8      | Found an iron altar of Okawaru.
 11347 | D:4      | Killed hansi's ghost
 11959 | D:3      | Bought a scroll labelled TUTEJYRIGOTH for 29 gold pieces
 11959 | D:3      | Bought 2 black potions for 52 gold pieces
 12177 | D:8      | Killed Essalna's ghost
 12644 | D:9      | Found an ornate altar of the Wu Jian Council.
 12844 | D:9      | Noticed Maurice
 12846 | D:9      | Reached skill level 5 in Evocations
 12858 | D:9      | Killed Maurice
 12881 | D:9      | Received a gift from Nemelex Xobeh
 13574 | D:10     | Entered Level 10 of the Dungeon
 13574 | D:10     | Received a gift from Nemelex Xobeh
 13687 | D:10     | Found Ryiduu's Distillery.
 13690 | D:10     | Bought a potion of might for 60 gold pieces
 13841 | D:10     | Reached skill level 10 in Fighting
 14004 | D:10     | Identified the +0 pair of gloves "Lung" {rElec}
 14064 | D:10     | Noticed a centaur warrior
 14077 | D:10     | Killed a centaur warrior
 14078 | D:10     | Reached skill level 5 in Armour
 14261 | D:10     | Reached XP level 12. HP: 65/77 MP: 15/18
 14340 | D:10     | Found a portal to a secret trove of treasure.
 14351 | D:10     | Noticed a two-headed ogre
 14358 | D:10     | Killed a two-headed ogre
 14512 | D:10     | Reached skill level 11 in Fighting
 14513 | D:10     | Noticed a boulder beetle
 14535 | D:10     | Killed a boulder beetle
 14988 | D:11     | Reached skill level 12 in Fighting
 14992 | D:11     | Found a staircase to the Orcish Mines.
 15340 | D:11     | Reached skill level 13 in Fighting
 15582 | D:11     | Found a staircase to the Lair.
 15776 | D:11     | Received a gift from Nemelex Xobeh
 16379 | D:11     | Found Kirch's General Store.
 16380 | D:11     | Found Degysupy's Specific Store.
 16650 | D:12     | Reached skill level 14 in Fighting
 16673 | D:12     | Received a gift from Nemelex Xobeh
 16689 | D:12     | Noticed a centaur warrior
 16694 | D:12     | Noticed a four-headed hydra
 16703 | D:12     | Killed a four-headed hydra
 16704 | D:12     | Reached XP level 13. HP: 55/91 MP: 19/19
 16705 | D:12     | Killed a centaur warrior
 17628 | D:12     | Reached skill level 15 in Fighting
 17713 | D:12     | Received a gift from Nemelex Xobeh
 18108 | Lair:1   | Entered Level 1 of the Lair of Beasts
 18124 | Lair:1   | Found a gate leading to a gauntlet.
 18185 | Gauntlet | Entered a Gauntlet
 18185 | Gauntlet | Found a transporter.
 18397 | Gauntlet | Noticed a great orb of eyes
 18409 | Gauntlet | Found a transporter.
 18420 | Gauntlet | Found a transporter.
 18443 | Gauntlet | Found a runed translucent door.
 18463 | Gauntlet | Found a transporter.
 18598 | Gauntlet | Found a transporter.
 18664 | Gauntlet | Found a transporter.
 18664 | Gauntlet | Identified the +4 swamp dragon scales of Decompression
                  | {rPois rC++ Str+4 Dex-4}
 18695 | Gauntlet | Found a transporter.
 18695 | Gauntlet | Found a transporter.
 18701 | Gauntlet | Found a runed translucent door.
 18764 | Gauntlet | Found a transporter.
 18782 | Gauntlet | Reached skill level 16 in Fighting
 18850 | Gauntlet | Found a transporter.
 18876 | Gauntlet | Found a transporter.
 18876 | Gauntlet | Found a transporter.
 19079 | Gauntlet | Identified the +0 pair of gloves "Hopriciq" {+Blink Regen+
                  | Slay+2}
 19142 | Gauntlet | Identified the +7 short sword "Dochof" {freeze, rF++ Str-4
                  | Int+7}
 19142 | Gauntlet | Noticed a minotaur
 19169 | Gauntlet | Mangled by a minotaur

Illustrated notes

Levels and vault maps discovered:
D:1:      heliophobic_arrival_dark_side_of_the_moon, layout_loops_corners,
          shapermc_ecumenical_altar_mp_ritualfount
D:2:      layout_basic, basic_altar, minmay_misc_feat_plants, uniq_robin
D:3:      layout_loops_ring, serial_shops, shop, uniq_jessica, uniq_sigmund
D:4:      layout_basic, grunt_dithmenos_smoke_and_mirrors,
          nicolae_overflow_crystal_walls,
          mainiacjoe_overflow_concentric_impassable,
          gammafunk_ghost_nasty_kobolds
D:5:      minmay_thinvault, layout_basic, mainiacjoe_overflow_surrounded_room,
          gammafunk_temple_overflow_statue, nemelex_spade_bored_becter,
          serial_shops, nicolae_shop_bloodbath_and_beyond, nrook_mini_vaults,
          grunt_decor_fettered, nrook_uturn
D:6:      layout_layer_cave, dancing_weapons_uskayaw,
          minmay_temple_entry_antechambers, minmay_strange_pillars,
          uniq_blork_the_orc
D:7:      layout_loops_corners, mainiacjoe_overflow_alcove_4
D:8:      layout_cave_pools, okawaru_altar_gauntlet_db,
          lemuel_zombie_altar_yredelemnul, enter_bailey_5,
          gammafunk_ghost_grave, uniq_psyche, uniq_prince_ribbit1
D:9:      layout_basic, nzn_wu_jian_contemplation, uniq_maurice
D:10:     minmay_stone_box, layout_loops_ring, nicolae_trove_entry_crossroad,
          serial_shops, nicolae_shop_behind_doors,
          chequers_serial_rivers_large_a, minmay_radiant
D:11:     layout_rooms, due_lair_maze_entry_diamond, orc_david_3,
          nicolae_specific_store
D:12:     layout_long_grid, minmay_bent
Temple:   eino_temple_lava
Lair:1:   layout_regular_city, gauntlet_entry_generic, serial_bayou_shore_b,
          infiniplex_staircase_pool_2, uniq_harold
Gauntlet: minmay_gauntlet_77_indecision
          [minmay_gauntlet_arena_77_terracotta_army,
          minmay_gauntlet_arena_77_broken_ladder, minmay_gauntlet_arena_77_fan,
          minmay_gauntlet_arena_77_cramped, minmay_gauntlet_arena_77_mirror,
          minmay_gauntlet_arena_77_braids, gauntlet_exit_hidden_loot]

Skill      XL: |  1  2  3  4  5  6  7  8  9 10 11 12 13 |
---------------+----------------------------------------+-----
Short Blades   | 3 4 6 10 13 | 13.0
Stealth        | 6 7 9 |  9.0
Fighting       | 4 8 10 14 16 | 16.0
Dodging        | 3 |  3.0
Evocations     | 2 4 5 |  5.0
Armour         | 1 3 5 6 |  6.7
Invocations    | 4 6 8 |  8.5
Throwing       | |  2.1

Action                   |  1- 3 |  4- 6 |  7- 9 | 10-12 | 13-15 || total
-------------------------+-------+-------+-------+-------+-------++-------
Melee: Dagger            |    45 |   122 |    23 |     1 |       ||   191
       Short sword       |       |       |   138 |   548 |   160 ||   846
       Punch             |       |       |       |     7 |     2 ||     9
Throw: Dart              |       |       |       |     9 |     4 ||    13
Invok: Draw Summoning    |       |       |       |     9 |     1 ||    10
       Draw Destruction  |       |       |       |     7 |     1 ||     8
       Stack Five        |       |       |       |     1 |       ||     1
  Use: Scroll            |       |       |    11 |    11 |     2 ||    24
 Stab: Sleeping          |    17 |    25 |    20 |     2 |       ||    64
Armor: Robe              |     4 |    36 |    10 |       |       ||    50
       Plate armour      |       |       |    58 |   254 |    71 ||   383
Dodge: Dodged            |    11 |    50 |    52 |   205 |    48 ||   366

Table legend: (Time is in decaauts)
 A = Elapsed time spent in this place.
 B = Non-inter-level travel time spent in this place.
 C = Inter-level travel time spent in this place.
 D = Time resting spent in this place.
 E = Time spent auto-exploring this place.
 F = Levels seen in this place.
 G = Mean time per level.
                   A        B        C        D        E       F      G
               +--------+--------+--------+--------+--------+-----+--------+
         Total |  18786 |  17221 |   1565 |    492 |  14145 |  16 | 1174.1 |
       Dungeon |  16749 |  15193 |   1556 |    309 |  12791 |  12 | 1395.8 |
        Temple |    158 |    149 |      9 |      0 |    139 |   1 |  158.0 |
          Lair |     67 |     67 |      0 |      0 |      0 |   1 |   67.0 |
        Bailey |    870 |    870 |      0 |      0 |    687 |   1 |  870.0 |
      Gauntlet |    940 |    940 |      0 |    183 |    528 |   1 |  940.0 |
               +--------+--------+--------+--------+--------+-----+--------+

Top non-repeatable levels by time:
     D:5: 2010 daAuts
     D:7: 1595 daAuts
    D:12: 1573 daAuts
     D:1: 1572 daAuts
     D:4: 1415 daAuts
    D:10: 1381 daAuts
     D:6: 1375 daAuts
     D:8: 1340 daAuts
    D:11: 1271 daAuts
     D:9: 1248 daAuts
     D:2: 1191 daAuts
Gauntlet: 940 daAuts
  Bailey: 870 daAuts
     D:3: 773 daAuts
  Temple: 158 daAuts
